 Dungeon Crawl Stone Soup version 0.23.2-1-ga50397a6bc (webtiles) character file.

Game seed: 5129791733949368672

93 Norn the Firebug (level 4, 0/28 HPs)
             Began as an Octopode Fire Elementalist on May 4, 2019.
             Slain by a giant cockroach (1 damage)
             ... on level 3 of the Dungeon.
             The game lasted 00:05:28 (1995 turns).

Norn the Firebug (Octopode Fire Elementalist)       Turns: 1995, Time: 00:05:28

Health: 0/28       AC:  1    Str:  7    XL:     4   Next: 61%
Magic:  7/7        EV: 13    Int: 18    God:
Gold:   77         SH:  0    Dex: 12    Spells: 1/7 levels left

rFire    . . .     SeeInvis .   (no weapon)
rCold    . . .     Gourm    .   (no shield)
rNeg     . . .     Faith    .   (helmet restricted)
rPois    .         Spirit   .   (no amulet)
rElec    .         Reflect  .   (no ring)
rCorr    .         Harm     .   (no ring)
MR       .....                  (no ring)
Stlth    +++.......             (no ring)
HPRegen  0.09/turn              (no ring)
MPRegen  0.10/turn              (no ring)
                                (no ring)
                                (no ring)

@: no status effects
A: almost no armour, stealthy swim, amphibious, 8 rings, constrict 8, camouflage
1, gelatinous body 1
a: no special abilities


You were on level 3 of the Dungeon.
You were not hungry.

You visited 1 branch of the dungeon, and saw 3 of its levels.

You collected 77 gold pieces.

Inventory:

Jewellery
 m - an uncursed amulet of regeneration {unknown}
   (You found it on level 2 of the Dungeon)
Scrolls
 a - 4 scrolls of teleportation {unknown}
 d - a scroll of blinking {unknown}
 f - a scroll of immolation {unknown}
 i - a scroll of enchant weapon {unknown}
 j - a scroll of fog {unknown}
 l - 3 scrolls of identify {unknown}
Potions
 b - 2 potions of curing {unknown}
 c - a potion of flight {unknown}
 g - 2 potions of brilliance {unknown}
 h - a potion of invisibility {unknown}
 k - a potion of heal wounds {unknown}
Comestibles
 e - 4 rations {!d}


   Skills:
 + Level 1.4 Fighting
 - Level 2.0 Dodging
 - Level 2.6 Stealth
 - Level 2.0 Spellcasting
 * Level 2.8 Conjurations
 * Level 4.0 Fire Magic


You had one spell level left.
You knew the following spells:

 Your Spells              Type           Power        Failure   Level  Hunger
a - Flame Tongue          Conj/Fire      ##...        4%          1    #......
d - Conjure Flame         Conj/Fire      ##......     13%         3    ###....
x - Throw Flame           Conj/Fire      ##....       7%          2    ###....

Your spell library contained the following spells:

 Spells                   Type           Power        Failure   Level  Hunger
 Inner Flame              Hex/Fire       #.......     24%         3    ###....
 Sticky Flame             Conj/Fire      ##......     41%         4    #####..
 Fireball                 Conj/Fire      ##........   77%         5    ######.


Dungeon Overview and Level Annotations

Branches:
Dungeon (3/15)

Altars:

Annotations:
D:3 Robin


Innate Abilities, Weirdness & Mutations

You cannot wear most types of armour.
You are very stealthy in the water. (Stealth+)
You are amphibious.
You can wear up to eight rings at the same time.
You can use your tentacles to constrict eight enemies at once.
Your skin changes colour to match your surroundings (Stealth+).
Your rubbery body absorbs attacks. (AC +1, EV +1)


Message History

You climb upwards.
There is a stone staircase leading down here.
There is a stone staircase leading down here.
You climb downwards.
A quokka and a worm come into view.
Found a rapier.
There is a stone staircase leading up here. 2 goblins, 2 hobgoblins and Robin come into view.
The hobgoblin shouts!
The goblin shouts!
You hear a shout!
A hobgoblin comes into view. It is wielding a +0 club.
A goblin comes into view. It is wielding a -1 club.
The goblin shouts!
A hobgoblin comes into view. It is wielding a +0 club.
The hobgoblin shouts!
You hear a loud, deep croak!
The hobgoblin shouts!
A bullfrog comes into view.
A hobgoblin comes into view. It is wielding a +0 club.
A goblin comes into view. It is wielding a +0 dagger.
A goblin comes into view. It is wielding a +0 club.
Aim: a quokka The flame tongue hits the quokka.
Robin shouts!
The hobgoblin shouts!
The goblin shouts! x2; You hear a shout!
Robin throws the goblin at you!
The goblin hits you with a cursed -1 club.
A hobgoblin comes into view. It is wielding a +0 club.
Robin throws the goblin at you! The goblin barely misses you.
The goblin hits you but does no damage.
You barely miss the goblin. Your grab misses the goblin.
Robin throws the goblin at you! The goblin hits you with a +0 dagger.
The goblin hits you. The goblin barely misses you.
The quokka bites you but does no damage.
The goblin barely misses you.
You tentacle-slap the goblin. You grab the goblin. You constrict the goblin.
Robin roars a battlecry!
The goblins go into a battle-frenzy!
The goblin barely misses you. The quokka misses you. The goblin hits you.
* * * LOW HITPOINT WARNING * * *
The goblin completely misses you. The goblin closely misses you.
You hear an angry hiss.
You release your grip on the goblin.
The hobgoblin hits you but does no damage.
The quokka bites you.
* * * LOW HITPOINT WARNING * * *
The goblin hits you with a cursed -1 club!
* * * LOW HITPOINT WARNING * * *
A giant cockroach comes into view.
The quokka closely misses you. The goblin misses you.
A worm comes into view.
The giant cockroach bites you.
You die...

.......##
........###
...g.....<#
##..g).gg.#
#.....Fggg#
#....wgg..#
..####grg.#
. #....#
#@...#
#.s..#
#....#
...### .
###.. #
##.# .# w.


You could see a bullfrog, 2 worms, a quokka, a giant cockroach, 5 hobgoblins and
5 goblins.

Vanquished Creatures
  3 adders (D:2)
  A worm (D:2)
  3 dart slugs
  A giant cockroach (D:2)
  4 goblins
  12 hobgoblins
  9 jackals
  7 bats
  A frilled lizard (D:1)
  4 kobolds
  6 rats
51 creatures vanquished.

Notes
Turn   | Place    | Note
-------+----------+-------------------------------------------
     0 | D:1      | Norn the Octopode Fire Elementalist began the quest for the
                  | Orb.
     0 | D:1      | Reached XP level 1. HP: 11/11 MP: 3/3
   178 | D:1      | Reached XP level 2. HP: 13/18 MP: 0/5
   508 | D:1      | Learned a level 2 spell: Throw Flame
   575 | D:1      | Reached XP level 3. HP: 22/22 MP: 3/6
   662 | D:1      | Reached skill level 1 in Fighting
  1332 | D:2      | Reached XP level 4. HP: 28/28 MP: 0/7
  1812 | D:2      | Reached skill level 4 in Fire Magic
  1957 | D:2      | Learned a level 3 spell: Conjure Flame
  1959 | D:3      | Noticed an orc warrior
  1984 | D:3      | Noticed Robin
  1985 | D:3      | Noticed a bullfrog
  1990 | D:3      | HP: 1/28 [goblin/cursed -1 club[Robin] (7)]
  1995 | D:3      | Slain by a giant cockroach

Skill      XL: |  1  2  3  4 |
---------------+-------------+-----
Conjurations   | 2 |  2.8
Fighting       | 1 |  1.4
Fire Magic     | 4 |  4.0
Dodging        | |  2.0
Stealth        | |  2.6
Spellcasting   | |  2.0

Action                   |  1- 3 |  4- 6 || total
-------------------------+-------+-------++-------
Melee: Unarmed           |    25 |    15 ||    40
       Constrict         |     8 |     5 ||    13
       Tentacles         |     6 |     3 ||     9
 Cast: Flame Tongue      |    59 |    18 ||    77
  Eat: Chunk             |     2 |     2 ||     4
Armor: Skin              |     2 |     5 ||     7
Dodge: Dodged            |    27 |    17 ||    44
